Map: Pillars of Gold LE

Players

TLHarstem (Harstem) - Winner!

  • Race: Protoss Protoss
  • Spawn Location: 7:00

maru

  • Race: Terran Terran
  • Spawn Location: 1:00

Event: ASUS ROG Online 2020

VOD

Have the link to the VOD?

Description

Time

  • Played on: Nov. 28, 2020, 6:31 a.m.
  • Length: 17:28

All games in this series

Show
View Real Time Build Order
Export as new Build Order

TLHarstem Protoss - Winner!

Build Orders: 1 Gate Expand, Phoenix Opening, Carriers 

Get SALT Encoding   

  12  0:00  Probe  
  13  0:12  Probe  
  14  0:19  Pylon  
  14  0:24  Probe  
  15  0:38  Probe (Chrono Boost)  
  15  0:39  Gateway  
  16  0:48  Probe (Chrono Boost)  
  17  0:50  Assimilator  
  17  0:54  Probe (Chrono Boost)  
  18  1:06  Probe  
  19  1:18  Probe  
  20  1:26  Cybernetics Core  
  20  1:39  Nexus  
  20  1:46  Pylon  
  20  1:49  Probe  
  21  1:54  Assimilator  
  21  2:01  Adept (Chrono Boost)  
  21  2:02  Probe  
  24  2:14  Probe  
  25  2:21  Stargate  
  25  2:26  Probe (Chrono Boost)  
  25  2:28  Adept  
  29  2:38  Probe (Chrono Boost)  
  29  2:39  Warp Gate  
  29  2:43  Probe (Chrono Boost)  
  30  2:51  Probe  
  30  2:52  Probe  
  32  3:03  Shield Battery  
  32  3:04  Probe  
  33  3:06  Phoenix  
  33  3:07  Probe  
  36  3:17  Robotics Facility  
  36  3:19  Probe  
  37  3:21  Probe  
  38  3:31  Probe  
  38  3:32  Phoenix (Chrono Boost)  
  38  3:33  Probe  
  42  3:36  Pylon  
  42  3:41  Gateway  
  42  3:43  Probe  
  42  3:45  Probe  
  44  3:52  Phoenix  
  44  3:55  Probe  
  47  3:59  Shield Battery, Probe  
  48  4:07  Probe  
  49  4:11  Probe  
  49  4:14  Assimilator  
  51  4:17  Pylon, Observer  
  51  4:18  Assimilator  
  51  4:23  Probe  
  53  4:27  Phoenix  
  53  4:29  Pylon  
  54  4:35  Probe x2  
  56  4:40  Immortal (Chrono Boost)  
  60  4:46  Pylon  
  60  4:49  Zealot x2  
  64  4:55  Probe  
  64  4:57  Shield Battery  
  67  5:08  Shield Battery  
  67  5:09  Stalker  
  67  5:13  Void Ray  
  67  5:16  Stalker  
  67  5:17  Pylon  
  71  5:23  Probe  
  71  5:27  Probe  
  69  5:35  Probe  
  70  5:36  Stalker  
  70  5:44  Zealot  
  70  5:45  Probe  
  73  5:54  Probe  
  70  5:57  Probe  
  70  6:01  Stalker  
  73  6:07  Immortal (Chrono Boost)  
  73  6:08  Phoenix (Chrono Boost)  
  73  6:09  Zealot  
  77  6:11  Robotics Bay  
  73  6:22  Probe  
  73  6:23  Shield Battery, Probe  
  75  6:27  Gateway  
  75  6:28  Sentry  
  75  6:30  Phoenix (Chrono Boost)  
  75  6:31  Zealot  
  81  6:48  Observer, Nexus  
  81  6:49  Phoenix  
  83  7:03  Probe  
  83  7:04  Probe  
  83  7:07  Pylon, Stargate  
  85  7:15  Probe  
  83  7:23  Observer (Chrono Boost)  
  83  7:24  Phoenix  
  83  7:25  Probe  
  87  7:31  Probe  
  87  7:36  Forge  
  88  7:37  Extended Thermal Lance  
  88  7:39  Colossus (Chrono Boost)  
  88  7:41  Protoss Air Weapons Level 1  
  88  7:43  Shield Battery  
  94  7:44  Pylon  
  94  7:56  Shield Battery  
  94  7:58  Pylon  
  94  8:00  Phoenix (Chrono Boost), Probe x2  
  94  8:01  Zealot x2, Probe  
  105  8:07  Phoenix (Chrono Boost)  
  105  8:09  Protoss Ground Weapons Level 1  
  105  8:12  Photon Cannon, Probe x2  
  109  8:20  Assimilator  
  109  8:24  Assimilator  
  109  8:25  Phoenix  
  109  8:32  Colossus (Chrono Boost)  
  116  8:35  Zealot x3  
  116  8:37  Pylon  
  121  8:45  Probe  
  121  8:47  Pylon  
  121  8:48  Phoenix, Gateway  
  124  9:02  Phoenix  
  124  9:05  Probe x2  
  124  9:07  Fleet Beacon  
  124  9:09  Pylon  
  128  9:11  Probe  
  128  9:12  Pylon  
  129  9:22  Colossus (Chrono Boost)  
  129  9:24  Zealot x3  
  129  9:28  Pylon  
  141  9:35  Shield Battery  
  141  9:36  Shield Battery  
  119  9:53  Probe  
  110  10:02  Phoenix (Chrono Boost)  
  110  10:04  Phoenix (Chrono Boost), Zealot x4  
  94  10:08  Colossus (Chrono Boost)  
  94  10:12  Probe  
  100  10:16  Probe  
  100  10:17  Anion Pulse-Crystals (Chrono Boost)  
  101  10:22  Phoenix (Chrono Boost), Stargate  
  101  10:25  Phoenix (Chrono Boost)  
  105  10:35  Probe  
  104  10:40  Cybernetics Core  
  104  10:42  Phoenix  
  106  10:46  Protoss Ground Armor Level 1 (Chrono Boost)  
  106  10:48  Phoenix, Zealot x3  
  114  11:07  Phoenix (Chrono Boost)  
  114  11:20  Carrier (Chrono Boost)  
  114  11:21  Phoenix (Chrono Boost)  
  114  11:22  Probe  
  115  11:27  Zealot x3  
  115  11:28  Observer  
  133  11:36  Carrier (Chrono Boost)  
  133  11:37  Photon Cannon  
  133  11:39  Photon Cannon  
  133  11:41  Colossus (Chrono Boost), Protoss Air Weapons Level 2 (Chrono Boost)  
  133  11:44  Pylon  
  139  11:51  Sentry, Zealot x2  
  139  11:53  Nexus  
  145  11:59  Pylon  
  145  12:04  Carrier (Chrono Boost)  
  145  12:05  Pylon  
  145  12:06  Probe  
  145  12:07  Pylon  
  152  12:10  Observer  
  156  12:31  Disruptor (Chrono Boost)  
  156  12:32  Zealot x2  
  163  12:40  Carrier (Chrono Boost), Probe  
  163  12:44  Photon Cannon  
  164  12:45  Photon Cannon  
  164  12:48  Shield Battery  
  170  13:00  Assimilator  
  170  13:04  Disruptor  
  173  13:08  Protoss Shields Level 1 (Chrono Boost)  
  173  13:14  Assimilator, Carrier (Chrono Boost)  
  173  13:16  Pylon  
  173  13:22  Probe  
  173  13:26  Zealot x3  
  180  13:31  Twilight Council, Carrier (Chrono Boost)  
  184  13:47  Disruptor  
  181  13:58  Carrier  
  183  14:19  Protoss Air Weapons Level 3 (Chrono Boost)  
  183  14:26  Disruptor  
  183  14:31  Carrier x2 (Chrono Boost)  
  198  14:40  Cybernetics Core, Nexus  
  198  14:41  Pylon  
  160  15:03  Carrier (Chrono Boost)  
  152  15:07  Disruptor  
  152  15:12  Observer  
  134  15:35  Zealot x3  
  152  15:37  Carrier (Chrono Boost)  
  152  15:40  Carrier (Chrono Boost)  
  152  15:41  Disruptor (Chrono Boost)  
  152  15:48  Observer  
  155  15:54  Stargate  
  155  15:55  Probe (Chrono Boost)  
  163  15:57  Photon Cannon, Probe (Chrono Boost)  
  163  15:59  Shield Battery  
  163  16:07  Carrier (Chrono Boost)  
  163  16:14  Robotics Facility  
  162  16:21  Zealot x2  
  162  16:22  Zealot  
  168  16:28  Carrier (Chrono Boost)  
  170  16:50  Sentry  
  170  16:51  Zealot x2  
  167  17:02  Photon Cannon  
  167  17:04  Photon Cannon  
Show
View Real Time Build Order
Export as new Build Order

maru Terran 

Build Orders:  

Get SALT Encoding   

  12  0:00  SCV  
  13  0:12  SCV  
  14  0:18  Supply Depot  
  14  0:25  SCV  
  15  0:39  SCV  
  15  0:41  Barracks  
  16  0:45  Refinery  
  16  0:51  SCV  
  17  1:03  SCV  
  18  1:15  SCV  
  19  1:28  Orbital Command, Marine  
  20  1:44  Command Center  
  20  1:48  Barracks Reactor  
  20  1:54  SCV  
  21  2:01  Supply Depot  
  21  2:06  SCV  
  22  2:13  Factory  
  22  2:18  SCV  
  23  2:24  Marine  
  23  2:25  Marine  
  23  2:29  Refinery  
  25  2:30  SCV  
  26  2:42  SCV, Marine x2  
  29  2:54  SCV  
  29  2:56  Orbital Command  
  30  2:59  Starport  
  30  3:02  Widow Mine  
  32  3:06  SCV  
  32  3:09  Marine  
  32  3:11  Marine  
  35  3:18  SCV  
  36  3:22  Supply Depot  
  36  3:23  SCV  
  36  3:25  Widow Mine  
  39  3:30  Marine x2  
  42  3:34  SCV  
  42  3:35  SCV  
  42  3:39  Supply Depot  
  43  3:42  Medivac  
  43  3:46  Factory Tech Lab  
  45  3:48  SCV  
  45  3:49  SCV  
  45  3:50  Marine  
  45  3:51  Marine  
  49  4:01  SCV x2  
  51  4:05  Siege Tank  
  51  4:07  Supply Depot  
  51  4:08  Marine  
  51  4:09  Marine  
  56  4:12  Viking  
  56  4:15  SCV x2  
  60  4:24  Supply Depot  
  60  4:26  Marine  
  60  4:27  Marine  
  62  4:35  SCV x2  
  62  4:37  Siege Tank  
  67  4:42  Viking  
  67  4:44  Marine  
  69  4:47  SCV  
  69  4:49  Marine  
  69  4:54  SCV  
  69  4:59  SCV  
  71  5:02  Marine  
  71  5:06  SCV  
  73  5:07  Marine  
  73  5:11  Siege Tank  
  77  5:15  SCV  
  77  5:20  Supply Depot  
  78  5:22  Viking, Marine  
  78  5:23  SCV  
  78  5:24  Bunker  
  78  5:27  SCV  
  80  5:35  SCV  
  79  5:39  SCV  
  80  5:47  SCV  
  80  5:48  Marine  
  81  5:52  Viking  
  81  5:56  SCV  
  77  6:03  SCV, Marine  
  73  6:05  Command Center, Siege Tank  
  73  6:08  SCV  
  73  6:12  Refinery  
  73  6:13  Refinery  
  72  6:18  SCV  
  72  6:23  SCV  
  74  6:25  Barracks  
  74  6:26  Barracks  
  74  6:30  Starport Reactor, SCV  
  75  6:35  Engineering Bay  
  75  6:36  SCV  
  76  6:40  Engineering Bay  
  76  6:43  SCV  
  77  6:48  SCV  
  78  6:54  Marine  
  78  6:55  Stimpack, SCV  
  78  6:58  Factory Tech Lab  
  78  7:00  SCV  
  76  7:05  Barracks  
  76  7:06  Barracks  
  76  7:07  SCV  
  77  7:10  Terran Infantry Armor Level 1, Terran Infantry Weapons Level 1  
  77  7:12  SCV  
  76  7:18  Orbital Command  
  76  7:19  SCV  
  77  7:24  SCV  
  77  7:28  Missile Turret, Barracks Tech Lab  
  77  7:29  Siege Tank  
  81  7:30  Missile Turret  
  81  7:31  Medivac x2, SCV  
  86  7:47  Combat Shield, Marauder x2, Marine x2  
  92  7:53  Supply Depot x2  
  92  7:55  Marine x2  
  94  8:01  Viking x2  
  94  8:02  Siege Tank  
  94  8:04  Marine  
  94  8:05  Marine  
  103  8:06  Orbital Command  
  103  8:09  SCV x2  
  105  8:13  Marine  
  105  8:15  Marauder x2  
  110  8:21  SCV  
  110  8:22  Supply Depot x2  
  111  8:27  Marine x3  
  111  8:31  Marine  
  115  8:36  Marauder x2, Viking x2  
  123  8:42  Supply Depot  
  123  8:43  Supply Depot  
  123  8:46  SCV  
  120  8:50  Missile Turret  
  120  8:54  Marine x3  
  120  8:55  Marine  
  122  8:57  Siege Tank  
  122  9:05  Viking  
  122  9:06  Viking  
  126  9:11  Missile Turret  
  126  9:13  Marauder x2, Marine x4  
  132  9:22  SCV  
  132  9:23  SCV  
  129  9:35  Viking  
  129  9:36  Missile Turret x2, Viking  
  129  9:37  Missile Turret  
  133  9:40  Missile Turret  
  122  9:46  Siege Tank  
  111  9:54  Marauder x2, Marine x2  
  99  10:01  Marine  
  99  10:03  SCV x2  
  101  10:09  Medivac x2  
  101  10:11  SCV  
  101  10:14  Armory  
  102  10:15  SCV x2  
  102  10:16  Barracks Tech Lab, Marauder  
  102  10:20  Barracks Reactor  
  106  10:23  SCV  
  106  10:26  Refinery x2  
  106  10:27  SCV x2  
  103  10:31  Siege Tank  
  103  10:35  Marauder x2, Marine x2  
  112  10:36  SCV  
  112  10:39  SCV  
  110  10:50  Marauder  
  110  10:52  Marine  
  110  10:55  Ghost Academy  
  110  10:56  Marauder x2  
  113  10:57  Viking x2  
  117  11:06  Marine x2  
  113  11:11  Marauder  
  113  11:15  Terran Infantry Weapons Level 2, Siege Tank  
  113  11:18  Marauder x2  
  118  11:27  Viking x2  
  118  11:30  Marine x4  
  126  11:38  Terran Infantry Armor Level 2  
  126  11:43  Supply Depot  
  126  11:47  Command Center  
  126  11:48  Ghost  
  126  11:49  Missile Turret  
  126  11:50  Ghost  
  126  11:53  Marine x4  
  132  12:04  Ghost  
  133  12:09  Enhanced Shockwaves  
  133  12:11  Marine x4  
  133  12:12  SCV x3  
  140  12:19  Viking x2  
  144  12:28  Missile Turret  
  139  12:33  Ghost  
  139  12:34  Marine x2  
  139  12:35  Marine x2  
  139  12:36  Marauder  
  149  12:37  Marauder  
  149  12:42  Barracks  
  149  12:43  Barracks  
  149  12:49  Barracks  
  140  12:56  Medivac x2, Siege Tank, Marine  
  140  12:57  Marauder, Marine x3  
  149  12:58  Marauder  
  149  13:02  Marauder  
  151  13:10  Starport  
  151  13:16  Marine x3  
  151  13:17  Marine  
  151  13:18  Ghost  
  151  13:19  Ghost  
  159  13:21  Bunker, SCV x3  
  159  13:22  Supply Depot  
  162  13:29  Medivac x2  
  162  13:33  SCV  
  162  13:42  Factory Reactor  
  152  13:55  Ghost x2, Marine x2  
  151  13:59  Viking x2  
  151  14:00  SCV x2  
  151  14:02  SCV  
  157  14:06  Marine x3  
  157  14:07  Marine  
  157  14:08  Missile Turret x2  
  161  14:12  SCV  
  160  14:18  Ghost, Marine x2  
  160  14:23  Ghost  
  160  14:24  Ghost, Marine  
  162  14:32  Marine x2  
  162  14:33  Marine  
  162  14:36  Marine x2  
  167  14:41  Ghost  
  164  14:47  Marine  
  164  14:52  Ghost  
  153  14:57  Ghost  
  130  15:02  Marine x3  
  130  15:04  Ghost  
  122  15:10  Ghost  
  122  15:12  Concussive Shells  
  114  15:15  Marine x2  
  114  15:20  Medivac, Ghost, Marine x2  
  115  15:22  Marine  
  115  15:25  Marine  
  114  15:31  Medivac x2  
  114  15:33  Marine  
  119  15:42  Ghost  
  109  15:46  Marine x6  
  109  15:49  Marine  
  116  15:51  Marine  
  116  15:53  Medivac, Orbital Command  
  119  16:03  Marine  
  119  16:04  Marine x5  
  121  16:07  Ghost  
  121  16:08  Marine  
  121  16:11  Marine  
  127  16:12  Missile Turret  
  127  16:21  Marine x3  
  127  16:22  Marine x3  
  127  16:23  Missile Turret  
  133  16:26  Marine  
  133  16:28  Marine  
  135  16:35  Marine  
  135  16:39  Ghost x2, Marine x4  
  132  16:44  Marine  
  132  16:46  Marine  
  139  16:53  Marine  
  140  16:57  Marine x4  
  144  17:02  Marine  
  146  17:08  Marine  
Tags
 
Add a new tag
Caveats
  • Supply blocks, unpowered buildings, or Contaminate may cause inaccurate times.
  • Supply counts are checked every 10 seconds.